 Dungeon Crawl Stone Soup version 0.21-a0-279-g6037ffb (webtiles) character file.

110 JackS81 the Vexing (level 4, -9/21 HPs)
             Began as a Vine Stalker Enchanter on Sept 24, 2017.
             Killed by divine providence
             ... invoked by an orc priest
              (12 damage)
             ... on level 3 of the Dungeon.
             The game lasted 00:11:35 (2020 turns).

JackS81 the Vexing (Vine Stalker Enchanter)         Turns: 2020, Time: 00:11:36

Health: -9/21      AC:  3    Str: 11    XL:     4   Next: 91%
Magic:  0/8        EV: 15    Int: 16    God:
Gold:   60         SH:  0    Dex: 14    Spells: 1/7 levels left

rFire    . . .     SeeInvis .   a - +1 dagger
rCold    . . .     Gourm    .   (no shield)
rNeg     . . .     Faith    .   b - +0 robe
rPois    .         Spirit   +   k - +0 helmet
rElec    .         Reflect  .   g - scarf {cloud immunity}
rCorr    .         Harm     .   (no gloves)
MR       .....                  (no boots)
Stlth    ++........             (no amulet)
HPRegen  0.47/turn              n - +3 ring of evasion
MPRegen  0.11/turn              (no ring)

@: no status effects
A: fangs 2, regeneration 1, magic shield, antimagic bite, no potion heal 3, rot
immunity
a: no special abilities


You were on level 3 of the Dungeon.
You were not hungry.

You visited 1 branch of the dungeon, and saw 3 of its levels.

You collected 60 gold pieces.

Inventory:

Hand Weapons
 a - a +1 dagger (weapon)
 e - a +0 blowgun
Missiles
 f - 26 bolts
 i - 60 stones (quivered)
 o - 76 arrows
 t - 12 poisoned needles
Armour
 b - a +0 robe (worn)
 g - a scarf of cloud immunity (worn)
 k - a +0 helmet (worn)
Jewellery
 n - a +3 ring of evasion (left hand)
Scrolls
 j - a scroll of teleportation
Potions
 l - a potion of curing
Books
 c - a book of Maledictions

   Spells                             Type                      Level
   a - Corona                         Hexes                        1
   b - Ensorcelled Hibernation        Hexes/Ice                    2
   c - Confuse                        Hexes                        3
   d - Tukima's Dance                 Hexes                        3
   e - Dazzling Spray                 Conjuration/Hexes            3
Comestibles
 d - 4 bread rations
 h - 5 chunks of flesh
 p - 2 meat rations
 r - a royal jelly
 v - a fruit


   Skills:
 * Level 3.2 Short Blades
 - Level 1.5 Dodging
 - Level 3.6 Stealth
 - Level 2.1 Spellcasting
 + Level 3.8 Hexes
 - Level 0.8 Ice Magic


You had one spell level left.
You knew the following spells:

 Your Spells              Type           Power        Failure   Level  Hunger
a - Corona                Hex            ##.....      4%          1    #......
b - Ensorcelled Hibernat  Hex/Ice        #.....       12%         2    ###....
c - Tukima's Dance        Hex            ##......     12%         3    ###....


Dungeon Overview and Level Annotations

Branches:
Dungeon (3/15)

Altars:


Innate Abilities, Weirdness & Mutations

You have extremely sharp teeth.
Your natural rate of healing is unusually fast.
When hurt, damage is shared between your health and your magic reserves.
Your bite disrupts and absorbs the magic of your enemies.
Potions cannot restore your health.
You are immune to rotting.


Message History

The orc priest calls down the wrath of Beogh upon you.
Beogh smites you!
The orc shouts!
The orc hits you.
The orc priest looks satisfied for a moment.
You barely miss the orc. You bite the orc, but do no damage.
The orc closely misses you.
You hit the orc but do no damage. The orc hits you.
You hit the orc.
The orc is moderately wounded.
The orc priest mumbles some strange prayers to Beogh against you.
Beogh smites you!
* * * LOW HITPOINT WARNING * * *
The orc wizard looks encouraged for a moment.
The orc completely misses you.
You have no ailments to cure.
The orc priest invokes the aid of Beogh against you.
Beogh smites you!
Ouch! That really hurt!
You die...

#...).# #.#[.#.#.##.#
#####.# #.#..#.#.##.#
#)###.#..#.#.##.#
#.).)....#.#.##.#
#####.#.##.#.##.#
...........#....#
#####...#########
.########################
...)ooo.@.((.............
.########################


You could see an orc priest, an orc wizard and an orc.

Vanquished Creatures
  5 gnolls
  An adder (D:2)
  2 worms
  An orc (D:3)
  A giant cockroach (D:1)
  5 hobgoblins
  A quokka (D:3)
  A ball python (D:3)
  5 bats
  2 frilled lizards
  6 goblins (D:1)
  8 kobolds
  10 rats
48 creatures vanquished.

Vanquished Creatures (others)
  2 dancing weapons
2 creatures vanquished.

Grand Total: 50 creatures vanquished

Notes
Turn   | Place    | Note
-------+----------+-------------------------------------------
     0 | D:1      | JackS81 the Vine Stalker Enchanter began the quest for the Orb.
     0 | D:1      | Reached XP level 1. HP: 9/9 MP: 4/4
    70 | D:1      | Reached skill level 1 in Short Blades
   307 | D:1      | Reached XP level 2. HP: 4/13 MP: 6/6
  1032 | D:1      | Reached XP level 3. HP: 15/16 MP: 7/7
  1036 | D:1      | Learned a level 2 spell: Ensorcelled Hibernation
  1040 | D:1      | Learned a level 3 spell: Tukima's Dance
  1734 | D:2      | Gained mutation: Your natural rate of healing is unusually fast. [Vine Stalker growth]
  1734 | D:2      | Reached XP level 4. HP: 3/21 MP: 0/8
  2020 | D:3      | Killed from afar by an orc priest

Vault maps used:
D:1:      kilobyte_arrival_exit_the_forest, corner_web_ring,
          minmay_misc_feat_diagonals
D:2:      tso_metal_star, first_bread, minmay_pentomino_s2, uniq_terence,
          uniq_crazy_yiuf_cottage
D:3:      yredelemnul_altar_generic, bloody_trog

Skill      XL: |  1  2  3  4 |
---------------+-------------+-----
Short Blades   | 1 2 3 |  3.2
Dodging        | |  1.5
Stealth        | |  3.6
Spellcasting   | |  2.1
Hexes          | |  3.8
Ice Magic      | |  0.8

Action                   |  1- 3 |  4- 6 || total
-------------------------+-------+-------++-------
Melee: Dagger            |   101 |    71 ||   172
       Bite              |    11 |     9 ||    20
Throw: Stone             |    11 |       ||    11
 Cast: Corona            |     1 |       ||     1
       Ensorcelled Hiber |     6 |     6 ||    12
       Tukima's Dance    |     2 |     1 ||     3
  Use: Potion            |     4 |     1 ||     5
       Scroll            |       |     3 ||     3
 Stab: Sleeping          |     7 |     3 ||    10
  Eat: Chunk             |     3 |     2 ||     5
Armor: Robe              |    12 |     3 ||    15
       Skin              |     9 |    62 ||    71
Dodge: Dodged            |    43 |    36 ||    79

Table legend:
 A = Spawn XP
 B = Non-spawn XP
 C = Spawn XP percentage of total XP
 D = Spawn monster count
 E = Non-spawn monster count
 F = Spawn count percentage of total count
 G = Total turns spent on level
                    A         B        C        D         E        F      G
               +---------+---------+-------+---------+---------+-------+---------
         Total |       0 |     158 |   0.0 |       0 |      48 |   0.0 |  2020
               +---------+---------+-------+---------+---------+-------+---------
           D:1 |       0 |      36 |   0.0 |       0 |      23 |   0.0 |  1392
           D:2 |       0 |      47 |   0.0 |       0 |      13 |   0.0 |   385
           D:3 |       0 |      75 |   0.0 |       0 |      12 |   0.0 |   243
               +---------+---------+-------+---------+---------+-------+---------
